 Dungeon Crawl Stone Soup version 0.17-a0-1519-g2001520 (webtiles) character file.

399 amnekian the Chiller (level 7, 0/46 HPs)
             Began as a Human Ice Elementalist on July 13, 2015.
             Slain by a giant frog skeleton (4 damage)
             ... on level 4 of the Dungeon.
             The game lasted 00:20:53 (4119 turns).

amnekian the Chiller (Human Ice Elementalist)       Turns: 4119, Time: 00:20:53

Health: 0/46       AC:  7    Str:  8    XL:     7   Next: 10%
Magic:  10/10      EV: 12    Int: 16    God:
Gold:   177        SH:  0    Dex: 15    Spells: 3 memorised, 3 levels left

rFire  . . .     SeeInvis .     a - +1 whip (venom)
rCold  . . .     Clarity  .     G - +0 leather armour
rNeg   . . .     SustAt   .     (no shield)
rPois  .         Gourm    .     (no helmet)
rElec  .         Spirit   .     F - +0 cloak
rCorr  .         Warding  .     K - +2 pair of gloves
rMut   .         Stasis   .     (no boots)
MR     .....                    (no amulet)
Stlth  ++........               (no ring)
                                (no ring)

@: not resistant to hostile enchantments, unstealthy
A: no striking features
a: no special abilities


You were on level 4 of the Dungeon.
You were not hungry.

You visited 1 branch of the dungeon, and saw 4 of its levels.

You collected 177 gold pieces.

Inventory:

Hand weapons
 a - a +1 whip of venom (weapon)
 b - a +0 blowgun
Missiles
 m - 57 stones (quivered)
 y - 38 poisoned needles
 J - 4 tomahawks
Armour
 q - a +0 robe
 A - a +0 chain mail
 F - a +0 cloak (worn)
 G - a +0 leather armour (worn)
 K - a +2 pair of gloves (worn)
Jewellery
 k - an uncursed ring of poison resistance {unknown}
Scrolls
 d - a scroll of noise {unknown}
 e - 2 scrolls of recharging {unknown}
 j - 5 scrolls of identify {unknown}
 l - 2 scrolls of teleportation {unknown}
 n - 2 scrolls of blinking {unknown}
 o - a scroll of remove curse {unknown}
 p - a scroll of random uselessness {unknown}
 r - a scroll of fear {unknown}
 t - a scroll of enchant weapon {unknown}
 w - a scroll of magic mapping {unknown}
 E - a scroll of fog {unknown}
Potions
 f - a potion of brilliance {unknown}
 h - a potion of might {unknown}
 s - a potion of poison {unknown}
 u - a potion of resistance {unknown}
 z - a potion of flight {unknown}
 I - a potion of ambrosia {unknown}
Books
 x - a book of Frost

   Spells                             Type                      Level
   a - Freeze                         Ice                          1
   b - Throw Frost                    Conjuration/Ice              2
   c - Ozocubu's Armour               Charms/Ice                   3
   d - Throw Icicle                   Conjuration/Ice              4
   e - Summon Ice Beast               Ice/Summoning                4
   f - Condensation Shield            Ice                          4
Comestibles
 c - 5 bread rations
 i - 7 fruits
 v - a royal jelly
 B - 10 chunks of flesh
 C - a beef jerky
 D - 3 meat rations
 H - a slice of pizza


   Skills:
 - Level 2.0 Dodging
 - Level 2.0 Stealth
 - Level 2.0 Spellcasting
 - Level 1.0 Conjurations
 * Level 1.9 Summonings
 - Level 7.1 Ice Magic


You had 3 spell levels left.
You knew the following spells:

 Your Spells              Type           Power        Failure   Level  Hunger
a - Freeze                Ice            ###.         1%          1    #......
b - Throw Frost           Conj/Ice       ##....       10%         2    ###....
c - Summon Ice Beast      Ice/Summ       ###.....     47%         4    #####..


Dungeon Overview and Level Annotations

Branches:
Dungeon (4/15)
 Temple: D:4-7

Altars:
Ashenzari
Dithmenos
Elyvilon
Makhleb
Nemelex Xobeh
Qazlal
Yredelemnul


Message History

* * * LOW HITPOINT WARNING * * *
You hit the giant frog skeleton. The giant frog skeleton hits you.
* * * LOW HITPOINT WARNING * * *
The giant frog skeleton hits you.
* * * LOW HITPOINT WARNING * * *
Unknown command.
Drink which item? (? for menu, Esc to quit)
You feel better. The giant frog skeleton hits you.
* * * LOW HITPOINT WARNING * * *
You barely miss the giant frog skeleton.
The giant frog skeleton hits you but does no damage.
You hit the giant frog skeleton.
The giant frog skeleton barely misses you.
The giant frog skeleton hits you but does no damage.
You whack the giant frog skeleton! The giant frog skeleton hits you.
* * * LOW HITPOINT WARNING * * *
You hit the giant frog skeleton. The giant frog skeleton hits you.
* * * LOW HITPOINT WARNING * * *
The giant frog skeleton hits you.
You die...

######### #Z.{....#
..oo.#####.# # ..o #.# #####
# . #.# #...# # #.# #...# #
#.##########...## #
#.))Z@..........######
##############..........
#......(.#....#.#.###.##
#####.######.#..#.#.#.....##
#......# #.#..#.#.#####.##
#......#####.#..#.#.........
#.........##.#..#.#.####...#
#......##.##.#..#.#....#...)
#......##.##.#..#.#.##.#.#..


You could see a giant frog skeleton.

Vanquished Creatures
  An iguana (D:4)
  A centaur skeleton (D:4)
  A hound (D:4)
  3 orc wizards
  2 worker ants (D:4)
  4 adders
  3 gnolls (D:4)
  An ooze (D:4)
  2 adder skeletons (D:4)
  A giant gecko (D:4)
  17 orcs
  5 giant cockroaches
  5 hobgoblins
  9 kobolds
  A quokka (D:4)
  3 ball pythons
  3 bats
  5 giant newts
  4 goblins
  10 jackals
  7 rats
88 creatures vanquished.

Vanquished Creatures (others)
  An orc wizard (D:4)
1 creature vanquished.

Grand Total: 89 creatures vanquished

Notes
Turn   | Place    | Note
--------------------------------------------------------------
     0 | D:1      | amnekian the Human Ice Elementalist began the quest for the Orb.
     0 | D:1      | Reached XP level 1. HP: 13/13 MP: 3/3
   202 | D:1      | Reached XP level 2. HP: 19/19 MP: 1/5
   837 | D:2      | Reached skill level 4 in Ice Magic
   837 | D:2      | Reached XP level 3. HP: 21/24 MP: 0/6
   998 | D:2      | Learned a level 2 spell: Throw Frost
  1149 | D:2      | Found a sparkling altar of Nemelex Xobeh.
  1776 | D:3      | Reached XP level 4. HP: 30/30 MP: 5/7
  1818 | D:3      | Reached skill level 5 in Ice Magic
  2366 | D:3      | Found a shadowy altar of Dithmenos.
  2366 | D:3      | Found a basalt altar of Yredelemnul.
  2411 | D:3      | Found a shattered altar of Ashenzari.
  2412 | D:3      | Found a burning altar of Makhleb.
  2590 | D:3      | Reached XP level 5. HP: 33/35 MP: 5/8
  2666 | D:3      | Found a white marble altar of Elyvilon.
  2704 | D:4      | Found a stormy altar of Qazlal.
  2885 | D:4      | Reached skill level 6 in Ice Magic
  3020 | D:4      | Reached XP level 6. HP: 37/41 MP: 9/9
  3066 | D:4      | Learned a level 4 spell: Summon Ice Beast
  3716 | D:4      | Reached skill level 7 in Ice Magic
  4075 | D:4      | Reached skill level 1 in Summonings
  4075 | D:4      | Reached XP level 7. HP: 11/46 MP: 10/10
  4114 | D:4      | HP: 2/46 [giant frog skeleton (4)]
  4119 | D:4      | Slain by a giant frog skeleton

Vault maps used:
D:1:      minmay_arrival_diagonal_passages, hangedman_abyss_or_decor_stabs,
          minmay_bisected
D:2:      first_bread, minmay_misc_feat_iff, corexii_item_surrounded_by_moat,
          nemelex_diamond_rough_becter
D:3:      nicolae_overflow_hidden_temple, kennysheep_nondescript
D:4:      lemuel_doored_altar

Action                   |  1- 3 |  4- 6 |  7- 9 || total
-------------------------+-------+-------+-------++-------
Melee: Whip              |    30 |   132 |    10 ||   172
 Fire: Blowgun           |       |     2 |       ||     2
Throw: Stone             |     4 |     5 |       ||     9
 Cast: Freeze            |    29 |    40 |     5 ||    74
       Throw Frost       |     2 |     1 |       ||     3
  Use: Potion            |       |     1 |     1 ||     2
 Stab: Sleeping          |     3 |       |       ||     3
       Distracted        |       |     1 |       ||     1
  Eat: Chunk             |     2 |     9 |     1 ||    12
